 Dungeon Crawl Stone Soup version 0.17-a0-737-gf0a300a (webtiles) character file.

5047 Ngotmuk the Prestidigitator (level 10, -1/92 HPs)
             Began as a Deep Dwarf Fighter on May 9, 2015.
             Was an Initiate of Ru.
             Slain by a spiny frog (10 damage)
             ... on level 1 of the Lair of Beasts.
             The game lasted 00:18:23 (6766 turns).

Ngotmuk the Prestidigitator (Deep Dwarf Fighter)    Turns: 6766, Time: 00:18:23

Health: -1/92      AC: 24    Str: 24      XL:     10   Next: 30%
Magic:  15/15      EV:  5    Int:  7 (8)  God:    Ru [......]
Gold:   405        SH: 12    Dex: 11 (12) Spells: 0 memorised, 9 levels left

rFire  + . .     SeeInvis .     a - +1 war axe
rCold  . . .     Clarity  .     D - +0 crystal plate armour
rNeg   . . .     SustAb   .     c - +1 shield
rPois  +         Gourm    .     y - +1 hat
rElec  .         Spirit   .     k - +1 cloak {rPois}
rCorr  .         Warding  .     (no gloves)
rMut   .         Stasis   .     q - +0 pair of boots
MR     +....                    (no amulet)
Stlth  ..........               H - ring of protection from fire
                                u - +2 ring of evasion

@: lethally poisoned (-1 -> -1), non-regenerating, somewhat resistant to hostile
enchantments, extremely unstealthy
A: damage resistance, recharge devices, claws 1, icy blue scales 1, blink 1,
breathe flames 1, deterioration 1, sense surroundings 2, slow healing 3,
MP-powered wands
a: Device Recharging, Blink, Renounce Religion, Breathe Fire


You were on level 1 of the Lair of Beasts.
You worshipped Ru.
Ru was noncommittal.
You were not hungry.

You visited 3 branches of the dungeon, and saw 11 of its levels.

You collected 405 gold pieces.

Inventory:

Hand weapons
 a - a +1 war axe (weapon)
Armour
 c - a +1 shield (worn)
 k - a +1 cloak of poison resistance (worn)
 q - a +0 pair of boots (worn)
 y - a +1 hat (worn)
 B - the +1 plate armour "Mowonuuc" {rElec}
   (You found it on level 4 of the Dungeon)

   It insulates you from electricity.
 D - a +0 crystal plate armour (worn)
Jewellery
 b - an uncursed ring of teleport control
 j - an uncursed ring of flight
 u - a +2 ring of evasion (left claw)
 H - a ring of protection from fire (right claw)
Magical devices
 e - a wand of heal wounds (1)
 C - a wand of magic darts (11)
 I - a wand of hasting (7)
 J - a wand of confusion (23)
 O - a wand of frost (27)
Scrolls
 i - a scroll of noise
 o - 5 scrolls of teleportation
 v - 5 scrolls of remove curse
 E - 2 scrolls of enchant armour
 L - a scroll of identify
Potions
 d - 3 potions of might
 g - a potion of resistance
 h - 3 potions of curing {unknown}
 l - 3 potions of agility {unknown}
 m - 2 potions of invisibility {unknown}
 n - a potion of beneficial mutation {unknown}
 r - 2 potions of heal wounds {unknown}
 s - a potion of brilliance {unknown}
 w - a potion of cure mutation {unknown}
 x - a potion of degeneration {unknown}
 z - 3 potions of berserk rage
 F - 2 potions of restore abilities
 G - a potion of ambrosia {unknown}
 N - a potion of magic {unknown}
Books
 M - a book of Changes

   Spells                             Type                      Level
   a - Beastly Appendage              Transmutation                1
   b - Sticks to Snakes               Transmutation                2
   c - Spider Form                    Transmutation/Poison         3
   d - Ice Form                       Ice/Transmutation            4
   e - Blade Hands                    Transmutation                5
Comestibles
 f - 5 bread rations
 p - 3 meat rations
 t - 7 beef jerkies
 A - 2 fruits
 K - a royal jelly


   Skills:
 + Level 6.8 Fighting
 + Level 8.1 Axes
 + Level 7.9 Armour
 + Level 8.5 Shields
 + Level 8.6 Evocations


You had 9 spell levels left.
You didn't know any spells.

Dungeon Overview and Level Annotations

Branches:
Dungeon (9/15)             Temple (1/1) D:5            Lair (1/8) D:8
    Orc: D:9-12

Altars:
Ashenzari
Cheibriados
Dithmenos
Elyvilon
Fedhas
Gozag
Kikubaaqudgha
Makhleb
Okawaru
Qazlal
Ru
Sif Muna
Trog
Vehumet
Xom
Yredelemnul
Zin
The Shining One

Annotations:
D:8 exclusion: 2 oklob saplings


Innate Abilities, Weirdness & Mutations

You are resistant to damage.
You can recharge devices by infusing magical energy.
You passively map the area around you.
You do not heal naturally.
You have sharp fingernails.
You are partially covered in icy blue scales (AC +1).
You can translocate small distances at will.
You can breathe flames.
Your body is slowly deteriorating.
You expend magic power (3 MP) to strengthen your wands.


Message History

You block the crocodile's attack. The spiny frog stings you!
* * * LOW HITPOINT WARNING * * *
You are poisoned.
The spiny frog poisons you!
Your crystal plate armour prevents you from hitting the spiny frog.
The spiny frog is almost dead.
You completely miss the crocodile.
The crocodile is moderately wounded.
The crocodile completely misses you. The spiny frog barely misses you.
Your crystal plate armour prevents you from hitting the spiny frog.
The spiny frog is almost dead.
You hit the crocodile but do no damage.
The crocodile is moderately wounded.
You block the spiny frog's attack. The crocodile barely misses you.
You hit the spiny frog but do no damage.
The spiny frog is almost dead.
You closely miss the crocodile.
The crocodile is moderately wounded.
The spiny frog stings you!
You die...

#.## #.## #.# #.# #.# ##
## , *#.# ..# .##...
#.#* ..######
###......., #..*
.#.....## ###.........
..#* ........#
###.....$....., , ...
........#
#......F....... .#.
........P#
#....@†....... . #,
........##
#.....t....... *
........####......>.....
,, ,
..........##..........?.
*,
........................
,, * ,
.........##............
, ,
........####.......... ,
** .........#
####....... * ........##
######..


You could see a spiny frog and a crocodile.

Vanquished Creatures
  The ghost of wvc the Covert, an experienced OpAs of Dithmenos (D:7)
  The ghost of Bikaver the Changer, an average OpTm of Cheibriados (D:4)
  5 yaks (Lair:1)
  6 wolves (Lair:1)
  2 water moccasins (Lair:1)
  2 sky beasts
  A black bear (D:7)
  An orc warrior (D:6)
  2 ice beasts
  4 ogres
  A centaur (D:6)
  Blork the orc (D:4)
  A big kobold (D:5)
  5 giant frogs
  A scorpion (D:8)
  3 killer bees (D:8)
  4 jellies
  4 hounds
  3 crimson imps
  3 iguanas (D:6)
  A giant frog zombie (D:5)
  A centaur skeleton (D:4)
  8 orc wizards
  3 orc priests
  9 worker ants
  A hound zombie (D:8)
  A hound skeleton (D:4)
  13 adders
  8 river rats (Lair:1)
  3 shadow imps
  2 oozes
  2 worms
  17 orcs
  7 ball pythons (D:8)
  12 bats
  A bat skeleton (D:6)
  5 giant cockroaches
  7 goblins
  8 hobgoblins
  2 quokkas
  2 giant geckos (D:2)
  2 giant gecko skeletons
  14 giant newts
  12 kobolds
  7 rats
  2 ballistomycetes (D:7)
201 creatures vanquished.

Vanquished Creatures (others)
  An orc priest (D:7)
  An orc wizard (D:7)
  2 orcs (D:7)
  A giant spore (D:7)
5 creatures vanquished.

Grand Total: 206 creatures vanquished

Notes
Turn   | Place    | Note
--------------------------------------------------------------
     0 | D:1      | Ngotmuk, the Deep Dwarf Fighter, began the quest for the Orb.
     0 | D:1      | Reached XP level 1. HP: 20/20 MP: 1/1
   364 | D:1      | Reached XP level 2. HP: 27/27 MP: 2/2
  1083 | D:2      | Reached XP level 3. HP: 25/33 MP: 3/3
  1383 | D:2      | Reached skill level 1 in Evocations
  1383 | D:2      | Reached XP level 4. HP: 27/42 MP: 3/5
  1423 | D:3      | Reached skill level 4 in Shields
  1492 | D:3      | Found a radiant altar of Vehumet.
  1634 | D:3      | Reached XP level 5. HP: 12/49 MP: 6/6
  2144 | D:4      | Reached XP level 6. HP: 19/56 MP: 6/8
  2188 | D:4      | Noticed Blork the orc
  2197 | D:4      | Killed Blork the orc
  2296 | D:4      | Got an encrusted plate armour
  2313 | D:4      | Identified the cursed +1 plate armour "Mowonuuc" {rElec} (You found it on level 4 of the Dungeon)
  2354 | D:4      | Noticed Bikaver's ghost (average OpTm)
  2381 | D:4      | Killed Bikaver's ghost
  2381 | D:4      | Reached skill level 5 in Shields
  2381 | D:4      | Reached XP level 7. HP: 27/63 MP: 9/9
  3148 | D:5      | Entered Level 5 of the Dungeon
  3155 | D:5      | Reached skill level 5 in Armour
  3399 | D:5      | Reached skill level 5 in Axes
  3716 | D:5      | Found a staircase to the Ecumenical Temple.
  3725 | Temple   | Entered the Ecumenical Temple
  3833 | D:5      | Reached XP level 8. HP: 7/73 MP: 11/11
  3968 | D:6      | Reached skill level 5 in Evocations
  4151 | D:6      | Reached skill level 6 in Shields
  4261 | D:6      | Reached skill level 5 in Fighting
  4534 | D:6      | Found a deep blue altar of Sif Muna.
  4761 | D:6      | Gained mutation: You passively map the area around you. [Deep Dwarf growth]
  4761 | D:6      | Reached XP level 9. HP: 28/81 MP: 13/13
  4862 | D:7      | Noticed wvc's ghost (experienced OpAs)
  4881 | D:7      | Killed wvc's ghost
  4881 | D:7      | Reached skill level 7 in Shields
  4931 | D:7      | Found a bloodstained altar of Trog.
  5009 | D:7      | Gained mutation: Your body is slowly deteriorating. [mutagenic meat]
  5010 | D:7      | Gained mutation: You have sharp fingernails. [mutagenic meat]
  5011 | D:7      | Gained mutation: You can breathe flames. [mutagenic meat]
  5012 | D:7      | Gained mutation: You are partially covered in icy blue scales (AC +1). [mutagenic meat]
  5013 | D:7      | Gained mutation: You expend magic power (3 MP) to strengthen your wands. [mutagenic meat]
  5014 | D:7      | Gained mutation: You can translocate small distances at will. [mutagenic meat]
  5193 | D:7      | Found an iron altar of Okawaru.
  5608 | D:8      | Found a staircase to the Lair.
  5736 | D:8      | Found a blossoming altar of Fedhas.
  5921 | D:8      | Found a sacrificial altar of Ru.
  5921 | D:8      | Found a burning altar of Makhleb.
  5922 | D:8      | Found a shattered altar of Ashenzari.
  5930 | D:8      | Became a worshipper of Ru the Awakened
  6239 | Lair:1   | Entered Level 1 of the Lair of Beasts
  6403 | Lair:1   | Reached skill level 8 in Shields
  6428 | Lair:1   | Reached XP level 10. HP: 34/92 MP: 5/15
  6748 | Lair:1   | Noticed a spiny frog
  6766 | Lair:1   | Slain by a spiny frog

Action                   |  1- 3 |  4- 6 |  7- 9 | 10-12 || total
-------------------------+-------+-------+-------+-------++-------
Melee: War axe           |    85 |   144 |   629 |    93 ||   951
 Abil: Device Recharging |       |       |     1 |       ||     1
Evoke: Wand              |       |     2 |    18 |     3 ||    23
  Use: Scroll            |       |     3 |    10 |     1 ||    14
  Eat: Beef jerky        |     1 |     1 |     1 |       ||     3
       Bread ration      |       |     1 |     2 |     1 ||     4
       Fruit             |       |       |     2 |       ||     2
       Chunk             |       |       |     6 |       ||     6
